 Dungeon Crawl Stone Soup version 0.31-a0-227-ga22c3bf811 (webtiles) character file.

Game seed: 8182237957993782263

2734 Maciety the Cleaver (level 9, 0/77 HPs)
             Began as a Hill Orc Fighter on July 6, 2023.
             Was an Initiate of Gozag.
             Slain by Psyche
             ... wielding a +2 dagger of chaos
              (8 damage)
             ... on level 8 of the Dungeon.
             The game lasted 00:49:23 (7921 turns).

Maciety the Cleaver (Hill Orc Fighter)              Turns: 7921, Time: 00:49:24

Health: 0/77       AC:  0    Str: 23    XL:     9   Next: 67%
Magic:  9/9        EV: 19    Int:  8    God:    Gozag
Gold:   873        SH:  0    Dex: 15    Spells: 8/8 levels left

rFire   . . .        f - melded +3 hand axe (venom)
rCold   . . .        q - melded +0 kite shield
rNeg    . . .        O - melded +1 chain mail {rC+}
rPois   .            b - melded +0 helmet
rElec   .            T - melded +2 cloak
rCorr   .            s - melded +0 pair of gloves
SInv    .            (boots currently unavailable)
Will    .....        A - amulet of faith
Stlth   ++           R - melded ring of fire
HPRegen 0.32/turn    U - melded ring of see invisible
MPRegen 0.11/turn

%: faith
@: lethally poisoned (0 -> -1), bat-form, flying, studying Staves, very quick
A: fast, flying, no casting, tiny
a: Renounce Religion, Potion Petition, Call Merchant, Bribe Branch


You were on level 8 of the Dungeon.
You worshipped Gozag.
Gozag was pleased with you.
You were a bat.
You visited 2 branches of the dungeon, and saw 9 of its levels.

You collected 921 gold pieces.
You paid 48 gold pieces to Gozag.

Inventory:

Hand Weapons
 a - a +0 war axe
 e - a +4 spectral quarterstaff
 f - a +3 hand axe of venom (melded)
 g - a +2 dagger of holy wrath
 n - a +0 spear of venom
 D - a +2 dagger of freezing
 H - a +0 sling
 I - a +0 orcbow
 P - a +1 trident of venom
 S - a +4 orcbow
Missiles
 o - 48 stones
 C - 3 throwing nets
 J - 6 poisoned darts
Armour
 b - a +0 helmet (melded)
 p - an orb of energy
 q - a +0 kite shield (melded)
 s - a +0 pair of gloves (melded)
 y - a +0 plate armour
 M - a +0 ring mail
 O - a +1 chain mail of cold resistance (melded)
 T - a +2 cloak (melded)
 X - an orb of guile
Jewellery
 m - a ring of see invisible
 A - an amulet of faith (around neck)
 K - a ring of protection from fire
 N - a ring of wizardry
 R - a ring of fire (melded)
 U - a ring of see invisible (melded)
Wands
 u - a wand of quicksilver (7)
Scrolls
 h - a scroll of fog
 i - a scroll of revelation {unknown}
 j - a scroll of amnesia {unknown}
 k - 5 scrolls of teleportation {unknown}
 l - 2 scrolls of enchant armour {unknown}
 t - 6 scrolls of identify {unknown}
 w - 2 scrolls of silence {unknown}
 x - 3 scrolls of immolation {unknown}
 E - a scroll of blinking {unknown}
 F - a scroll of brand weapon {unknown}
 L - 2 scrolls of noise {unknown}
 Q - a scroll of poison {unknown}
 Z - 2 scrolls of fear {unknown}
Potions
 c - a potion of degeneration {unknown}
 d - a potion of might
 r - a potion of lignification {unknown}
 v - a potion of invisibility {unknown}
 z - 3 potions of enlightenment {unknown}
 B - a potion of mutation {unknown}
 G - a potion of cancellation {unknown}
 V - a potion of haste
 W - a potion of curing {unknown}
 Y - a potion of magic {unknown}


   Skills:
 + Level 6.3 Fighting
 + Level 10.3 Axes
 + Level 8.7 Armour
 + Level 2.4 Dodging
 + Level 1.1 Stealth
 + Level 6.1 Shields


You had 8 spell levels left.
You didn't know any spells.
Your spell library contained the following spells:

 Spells                   Type           Power      Damage    Failure   Level
 Sting                    Tmut/Pois      0%         1d3       41%         1
 Poisonous Vapours        Pois/Air       0%         N/A       54%         2
 Olgreb's Toxic Radiance  Pois           0%         N/A       99%         4


Dungeon Overview and Level Annotations

Branches:
Dungeon (8/15)             Temple (1/1) D:5
   Lair: D:8-11

Altars:
Ashenzari
Cheibriados
Elyvilon
Fedhas
Gozag
Hepliaklqana
Makhleb
Nemelex Xobeh
Okawaru
Ru
Sif Muna
Trog
Uskayaw
Vehumet
Wu Jian
Xom
Yredelemnul
Zin

Shops:
D:3 :   D:8 :

Annotations:
D:8 Psyche


Message History

Your +3 hand axe of venom stops dripping with poison.
You feel less resistant to cold.
Psyche begins to cast a cantrip, but forgets the words!
Psyche drinks a potion.
Psyche seems to speed up.
Psyche hits you with a +2 dagger of chaos!
You are poisoned.
You hit Psyche but do no damage.
You feel very sick. Psyche misses you.
You hit Psyche but do no damage.
You feel very sick.
Psyche hits you with a +2 dagger of chaos!
Psyche burns you.
Psyche mumbles some strange words.
A swirling arc of seething chaos appears!
The arc of chaos hits you!
You blink.
You feel sick.
Psyche casts a spell.
Psyche flickers and vanishes!
Deactivating autopickup; reactivate with Ctrl-A.
You feel sick.
You feel sick.
You feel sick.
You feel sick.
You feel sick. Something hits you.
You completely miss something.
You feel sick. Something hits you!
You closely miss something.
You feel sick. Something hits you.
Something tries to affect you, but you resist.
Something hits you! Something burns you.
* * * LOW HITPOINT WARNING * * *
You feel sick.
You feel sick. Something hits you!
* * * LOW HITPOINT WARNING * * *
Something burns you.
* * * LOW HITPOINT WARNING * * *
You feel sick. Something hits you!
You die...
Your body crumbles into a pile of gold.

#.####.#####....#
#.........)#####
#.####.####.###
#..####........#
#.......###.#.#
#######.###.#.#
#.##..#.#
#.##.##.####
#######b##.#......
#.....#.......####
#....[...........#
#..........#.##..#
#........#.#.###.#
#.....#.##.#{#####
##########..ยง...#
###.#### #.#


There were no monsters in sight!

Vanquished Creatures
  Prince Ribbit (D:7)
  A wyvern (D:4)
  A steam dragon (D:6)
  A water moccasin (D:5)
  An ice beast (D:6)
  2 orc warriors
  4 black bears
  4 ogres
  A kobold brigand (D:7)
  3 bullfrogs
  2 gnoll sergeants
  4 scorpions
  An orc priest (D:8)
  A hound (D:6)
  Terence (D:3)
  5 iguanas
  4 orc wizards
  10 gnolls
  4 adders
  A shadow imp (D:5)
  3 white imps
  10 orcs
  A bat (D:1)
  7 endoplasms
  4 giant cockroaches
  7 goblins
  8 hobgoblins
  7 quokkas
  6 ball pythons
  3 frilled lizards
  9 kobolds
  5 rats
122 creatures vanquished.

Notes
Turn   | Place    | Note
-------+----------+-------------------------------------------
     0 | D:1      | Maciety the Hill Orc Fighter began the quest for the Orb.
     0 | D:1      | Reached XP level 1. HP: 19/19 MP: 1/1
   275 | D:1      | Reached XP level 2. HP: 26/27 MP: 2/2
   300 | D:1      | Reached skill level 3 in Axes
   341 | D:1      | Reached XP level 3. HP: 30/34 MP: 3/3
   987 | D:2      | Reached XP level 4. HP: 33/41 MP: 4/4
  1500 | D:3      | Noticed Terence
  1515 | D:3      | Killed Terence
  1516 | D:3      | Reached skill level 1 in Dodging
  1617 | D:3      | Found Veubegoe's Book Shop.
  1788 | D:3      | Found an opulent altar of Gozag.
  1789 | D:3      | Found a blossoming altar of Fedhas.
  1795 | D:3      | Became a worshipper of Gozag Ym Sagoz the Greedy
  2327 | D:4      | Noticed a black bear
  2337 | D:4      | Killed a black bear
  2338 | D:4      | Reached skill level 5 in Axes
  2338 | D:4      | Reached XP level 5. HP: 28/47 MP: 5/5
  2544 | D:4      | Reached XP level 6. HP: 26/53 MP: 6/6
  2928 | D:4      | Noticed a black bear
  2934 | D:4      | Killed a black bear
  3110 | D:4      | Noticed a black bear
  3120 | D:4      | Reached skill level 6 in Axes
  3120 | D:4      | Reached XP level 7. HP: 38/60 MP: 7/7
  3125 | D:4      | Reached skill level 5 in Armour
  3310 | D:4      | Noticed a wyvern
  3321 | D:4      | Killed a wyvern
  3322 | D:4      | Reached skill level 5 in Fighting
  3322 | D:4      | Reached skill level 7 in Axes
  3744 | D:5      | Entered Level 5 of the Dungeon
  3880 | D:5      | Found a staircase to the Ecumenical Temple.
  3917 | D:5      | Reached skill level 8 in Axes
  3917 | D:5      | Reached XP level 8. HP: 68/68 MP: 8/8
  5159 | Temple   | Entered the Ecumenical Temple
  5322 | D:6      | Reached skill level 5 in Shields
  5959 | D:6      | Reached skill level 9 in Axes
  5959 | D:6      | Reached XP level 9. HP: 72/75 MP: 9/9
  6622 | D:7      | Noticed Prince Ribbit
  6645 | D:7      | Killed Prince Ribbit
  7185 | D:7      | Reached skill level 10 in Axes
  7419 | D:7      | You fall into a shaft and drop 1 floor!
  7428 | D:8      | Reached skill level 1 in Stealth
  7433 | D:8      | Found Fabuinai's Tiny Tomes.
  7900 | D:8      | Noticed Psyche
  7921 | D:8      | Slain by Psyche

Illustrated notes

Levels and vault maps discovered:
D:1:      wander_arrival_peaceful_grave, layout_basic, minmay_nonomino_d4
D:2:      layout_rooms, serial_aquarium, aquarium_bridge_square
          [aquarium_subvault_bridge, aquarium_subvault_balcony,
          aquarium_subvault_bridge, aquarium_subvault_bridge],
          aquarium_window_double, aquarium_window_2, aquarium_view_2d,
          aquarium_view_2a
D:3:      layout_basic, mainiacjoe_overflow_divided_tiny, serial_shops, shop,
          minmay_misc_feat_alley, st_stairs_3, uniq_terence
D:4:      layout_cave_pods, serial_park_tiny_pond, roderic_lattice_a,
          roderic_roman_lattice, minivault_26
D:5:      layout_basic, minmay_temple_entry_sparse_star
D:6:      layout_loops_cross, grunt_decor_arrowhead, kennysheep_generic_room_3
D:7:      layout_gridville, uniq_prince_ribbit1
D:8:      minmay_spotlight, layout_loops_cross, mainiacjoe_overflow_alcove_3,
          nicolae_shop_i_like_small_books_too, uniq_pikel, uniq_psyche
Temple:   nicolae_temple_superstar

Skill      XL: |  1  2  3  4  5  6  7  8  9 |
---------------+----------------------------+-----
Axes           | 3 5 6 8 9 10 | 10.3
Fighting       | 4 5 6 |  6.3
Dodging        | 1 2 |  2.4
Armour         | 4 5 7 8 |  8.7
Shields        | 4 5 6 |  6.1
Stealth        | 1 |  1.1

Action                     |  1- 3 |  4- 6 |  7- 9 || total
---------------------------+-------+-------+-------++-------
  Melee: War axe           |    99 |   104 |       ||   203
         Hand axe          |       |    25 |   230 ||   255
         Unarmed           |       |       |     4 ||     4
    Use: Potion            |       |     1 |     3 ||     4
         Scroll            |       |     1 |     1 ||     2
 Armour: Scale mail        |    38 |     5 |       ||    43
         Chain mail        |       |    56 |    93 ||   149
         Ring mail         |       |     2 |       ||     2
  Dodge: Dodged            |    39 |    55 |    51 ||   145
  Block: Buckler           |    20 |    27 |    16 ||    63
         Kite shield       |       |       |    61 ||    61

Table legend: (Time is in decaauts)
 A = Elapsed time spent in this place.
 B = Non-inter-level travel time spent in this place.
 C = Inter-level travel time spent in this place.
 D = Time resting spent in this place.
 E = Time spent auto-exploring this place.
 F = Levels seen in this place.
 G = Mean time per level.
                   A        B        C        D        E       F      G
               +--------+--------+--------+--------+--------+-----+--------+
         Total |   7957 |   7806 |    151 |   1519 |   3217 |   9 |  884.1 |
       Dungeon |   7817 |   7666 |    151 |   1519 |   3217 |   8 |  977.1 |
        Temple |    139 |    139 |      0 |      0 |      0 |   1 |  139.0 |
               +--------+--------+--------+--------+--------+-----+--------+

Top non-repeatable levels by time:
     D:4: 1597 daAuts
     D:5: 1430 daAuts
     D:7: 1098 daAuts
     D:6: 999 daAuts
     D:1: 760 daAuts
     D:3: 728 daAuts
     D:2: 713 daAuts
     D:8: 489 daAuts
  Temple: 139 daAuts
